 Dungeon Crawl Stone Soup version 0.29-a0-559-g359e09b9d1 (webtiles) character file.

Game seed: 5869595120538171440

16 spaghetti the Nimble (level 2, 0/20 HPs)
             Began as a Gnoll Wanderer on June 9, 2022.
             Slain by an adder (2 damage)
             ... on level 2 of the Dungeon.
             The game lasted 00:01:05 (818 turns).

spaghetti the Nimble (Gnoll Wanderer)                Turns: 818, Time: 00:01:05

Health: 0/20       AC:  4    Str: 12    XL:     2   Next: 54%
Magic:  4/5        EV: 14    Int: 13    God:
Gold:   55         SH:  0    Dex:  8    Spells: 5/6 levels left

rFire   . . .      SeeInvis .   a - +0 mace {mace}
rCold   . . .      Faith    .   (no shield)
rNeg    . . .      Spirit   .   d - +0 robe
rPois   .          Reflect  .   e - +0 helmet
rElec   .          Harm     .   (no cloak)
rCorr   .          Rampage  .   b - +0 pair of gloves
Will    .....                   (no boots)
Stlth   +.........              (no amulet)
HPRegen 0.06/turn               (no ring)
MPRegen 0.09/turn               (no ring)

@: lethally poisoned (0 -> -4)
A: fangs 1, strong nose, distributed training
a: no special abilities


You were on level 2 of the Dungeon.
You visited 1 branch of the dungeon, and saw 2 of its levels.

You collected 55 gold pieces.


Innate Abilities, Weirdness & Mutations

You have very sharp teeth.
Your uncanny sense of smell can sniff out nearby items.
Your experience applies equally to all skills.


   Skills:
 + Level 0.4 Fighting
 + Level 0.4 Short Blades
 + Level 0.4 Long Blades
 + Level 0.4 Axes
 + Level 4.5 Maces & Flails
 + Level 0.4 Polearms
 + Level 0.4 Staves
 + Level 0.4 Slings
 + Level 0.4 Bows
 + Level 0.4 Crossbows
 + Level 0.4 Throwing
 + Level 0.4 Armour
 + Level 8.5 Dodging
 + Level 0.4 Stealth
 + Level 0.4 Shields
 + Level 0.4 Unarmed Combat
 + Level 2.7 Spellcasting
 + Level 0.2 Conjurations
 + Level 0.2 Hexes
 + Level 3.7 Summonings
 + Level 0.2 Necromancy
 + Level 0.2 Translocations
 + Level 0.2 Transmutations
 + Level 0.2 Fire Magic
 + Level 0.2 Ice Magic
 + Level 0.2 Air Magic
 + Level 0.2 Earth Magic
 + Level 0.2 Poison Magic
 + Level 0.5 Invocations
 + Level 2.5 Evocations


You had 5 spell levels left.
You knew the following spells:

 Your Spells              Type           Power      Damage    Failure   Level
a - Summon Small Mammal   Summ           44%        N/A       5%          1

Your spell library contained the following spells:

 Spells                   Type           Power      Damage    Failure   Level
 Call Imp                 Summ           11%        N/A       8%          2
 Summon Lightning Spire   Summ/Air       6%         N/A       71%         4

Inventory:

Hand Weapons
 a - a +0 mace (weapon) {mace}
Missiles
 f - 2 stones {throwing}
 k - 6 javelins {throwing}
Armour
 b - a +0 pair of gloves (worn)
 d - a +0 robe (worn)
 e - a +0 helmet (worn)
   (You found it on level 1 of the Dungeon)
Scrolls
 c - 2 scrolls of blinking {!r}
 h - a scroll of torment {unknown}
 j - a scroll of immolation {unknown}
 m - a scroll of identify {unknown}
 n - a scroll of teleportation {unknown}

Dungeon Overview and Level Annotations

Branches:
Dungeon (2/15)

Altars:

.. .<. ..# ∆ ..# .#.
∆ ..# # .. #.# .#.#
#.# #.. ∆ #.# #.# #.#
#####S#
#.##########...b@###
....................#
#..###.#####.######.#
#..# #.# #.# # #..#
#.# #.# #..# #.# #.#
#..# #.# #.# ...# #.#
#.# .#.# #.# ..#


You could see an adder (ally target) and a friendly bat (summoned).


Message History

You kill the bat!
No target in view!
No target in view!
No target in view!
No target in view!
No target in view!
No target in view!
No target in view!
No target in view!
No target in view!
No target in view!
No target in view!
No target in view!
No target in view!
No target in view!
No target in view!
n - a scroll labelled WUGONKIUTI Key pressed, stopping explore.
Key pressed, stopping explore.
Done exploring.
No target in view!
Done exploring.
Done exploring.
Done exploring.
Done exploring.
Done exploring.
(D) Dungeon
Where to? (? - help)
You see here a +0 dagger {short}.
There is a stone staircase leading down here.
You climb downwards.
There is a stone staircase leading up here.
Unknown command.
Unknown command.
Found a stone staircase leading up.
An adder comes into view.
An adder is nearby!
An adder is nearby!
The adder hisses angrily.
The adder bites you.
You are poisoned.
The adder poisons you! 😕 HP[-4]
You take 4 damage, and now have 16/20 hp.
The adder attacks as you move away! The adder closely misses you.
You feel sick. 😮 HP[-2]
You take 2 damage, and now have 14/20 hp.
Casting: Summon Small Mammal (safe; 5% risk of failure)
Confirm with . or Enter, or press ? or * to list all spells.
You feel sick. The adder bites you.
You are more poisoned.
The adder poisons you! 😮 HP[-2] MP[-1]
You take 2 damage, and now have 12/20 hp.
You lost 1 mp, and now have 4/5 mp.
Unknown command.
It was a potion of heal wounds.
You feel much better.
You feel sick. The adder barely misses you.
Your bat closely misses the adder.
The adder bites you.
You are more poisoned.
The adder poisons you! 😕 HP[+4]
You regained 4 hp, and now have 16/20 hp.
You hit the adder.
You feel very sick.
Your bat hits the adder but does no damage.
Your bat barely misses the adder.
The adder barely misses your bat. 😮 HP[-4]
You take 4 damage, and now have 12/20 hp.
You closely miss the adder.
You feel sick.
Your bat closely misses the adder.
The adder bites you.
* * * LOW HITPOINT WARNING * * *
😨 HP[-3]
You take 3 damage, and now have 9/20 hp.
You closely miss the adder.
* * * LOW HITPOINT WARNING * * *
You feel sick.
Your bat hits the adder. The adder barely misses you.
Your bat barely misses the adder.
The adder bites you but does no damage.
Your bat closely misses the adder. 😨 HP[-2]
You take 2 damage, and now have 7/20 hp.
It was a potion of might.
You feel very mighty all of a sudden.
You feel sick.
Your bat hits the adder but does no damage.
The adder bites you.
* * * LOW HITPOINT WARNING * * *
😱 HP[-3]
You take 3 damage, and now have 4/20 hp.
Unknown command.
It was a potion of cancellation.
Your magical effects are unravelling.
You feel magically purged.
You feel a little less mighty now.
* * * LOW HITPOINT WARNING * * *
You feel sick. The adder bites you.
* * * LOW HITPOINT WARNING * * *
Your bat misses the adder. The adder bites you.
You die...

Action                   || total
-------------------------++-------
Melee: Mace              ||    41
       Bite              ||     5
       Punch             ||     1
 Cast: Summon Small Mamm ||     2
  Use: Potion            ||     3
Armor: Robe              ||    20
Dodge: Dodged            ||    29

Levels and vault maps discovered:
D:1:      dpeg_arrival_shelter, layout_loops_ring
D:2:      layout_loops_ring, hellmonk_ecumenical_altar_leap_of_faith,
          serial_bayou_lagoon_a, minmay_close_crescents, uniq_crazy_yiuf_cottage

Notes
Turn   | Place    | Note
-------+----------+-------------------------------------------
     0 | D:1      | spaghetti the Gnoll Wanderer began the quest for the Orb.
     0 | D:1      | spaghetti set off with the following items: a +0 mace
                  | {mace}, a +0 pair of gloves, a scroll of blinking {!r}, a
                  | +0 robe; and the following spell memorised: Summon Small
                  | Mammal; and the following spells available to memorise:
                  | Call Imp, Summon Lightning Spire
     0 | D:1      | Reached XP level 1. HP: 13/13 MP: 4/4
     0 | D:1      | magus.rc [v1.9.6]
   338 | D:1      | Reached XP level 2. HP: 19/19 MP: 5/5
   817 | D:2      | HP: 4/20 [adder (2)]
   818 | D:2      | Slain by an adder

Vanquished Creatures
  A giant cockroach (D:1)
  5 goblins (D:1)
  A hobgoblin (D:1)
  2 kobolds (D:1)
  A quokka (D:1)
  2 bats (D:1)
  A rat (D:1)
13 creatures vanquished.

Table legend:
 A = Non-vault XP
 B = Vault XP
 C = Vault XP percentage of total XP
 D = Non-vault monster count
 E = Vault monster count
 F = Vault count percentage of total count
                 A         B        C        D         E       F
            +---------+---------+-------+---------+---------+-------
      Total |      23 |       0 |   0.0 |      13 |       0 |   0.0
            +---------+---------+-------+---------+---------+-------
        D:1 |      23 |       0 |   0.0 |      13 |       0 |   0.0
            +---------+---------+-------+---------+---------+-------

Illustrated notes

Table legend:
 A = Kills in this place as a percentage of kills in entire the game.
 B = Kills by you in this place as a percentage of kills by you in the entire game.
 C = Kills by friends in this place as a percentage of kills by friends in the entire game.
 D = Other kills in this place as a percentage of other kills in the entire game.
 E = Experience gained in this place as a percentage of experience gained in the entire game.
 F = Experience gained in this place divided by the number of levels of this place that you have seen.
                   A       B       C       D       E      F
               +-------+-------+-------+-------+-------+----------------------
         Total | 100.0 | 100.0 |   N/A |   N/A | 100.0 |  11.5
       Dungeon | 100.0 | 100.0 |   N/A |   N/A | 100.0 |  11.5
               +-------+-------+-------+-------+-------+----------------------

Table legend: (Time is in decaauts)
 A = Elapsed time spent in this place.
 B = Non-inter-level travel time spent in this place.
 C = Inter-level travel time spent in this place.
 D = Time resting spent in this place.
 E = Time spent auto-exploring this place.
 F = Levels seen in this place.
 G = Mean time per level.
                   A        B        C        D        E       F      G
               +--------+--------+--------+--------+--------+-----+--------+
         Total |    824 |    792 |     32 |      0 |    665 |   2 |  412.0 |
       Dungeon |    824 |    792 |     32 |      0 |    665 |   2 |  412.0 |
               +--------+--------+--------+--------+--------+-----+--------+

Top non-repeatable levels by time:
     D:1: 795 daAuts
     D:2: 29 daAuts
